 Dungeon Crawl Stone Soup version 0.28.0 (webtiles) character file.

Game seed: 6551709754455067609

1267 Host24 the Quickloader (level 8, 0/46 HPs)
             Began as a Kobold Hunter on Feb 20, 2022.
             Was a Follower of Okawaru.
             Slain by a gnoll (2 damage)
             ... on level 6 of the Dungeon.
             The game lasted 00:15:27 (7801 turns).

Host24 the Quickloader (Kobold Hunter)              Turns: 7801, Time: 00:15:27

Health: 0/46       AC:  6    Str: 12    XL:     8   Next: 82%
Magic:  13/13      EV: 15    Int: 12    God:    Okawaru [*.....]
Gold:   240        SH:  0    Dex: 15    Spells: 7/7 levels left

rFire   . . .      SeeInvis .   a - +1 hand crossbow
rCold   . . .      Faith    .   (no shield)
rNeg    . . .      Spirit   .   D - +0 steam dragon scales
rPois   .          Reflect  .   (no helmet)
rElec   .          Harm     .   (no cloak)
rCorr   +          Rampage  .   (no gloves)
Will    .....                   p - +0 pair of boots
Stlth   +++.......              (no amulet)
HPRegen 0.15/turn               A - ring of resist corrosion
MPRegen 0.13/turn               C - ring of flight

@: flying
A: small, no large weapons, nightstalker 3
a: Renounce Religion, Heroism


You were on level 6 of the Dungeon.
You worshipped Okawaru.
Okawaru was aware of your devotion.
You visited 2 branches of the dungeon, and saw 7 of its levels.

You collected 240 gold pieces.

Inventory:

Hand Weapons
 a - a +1 hand crossbow (weapon)
 o - a +2 whip of freezing
Missiles
 d - 2 bolts (quivered ammo)
 e - 37 arrows
 k - 160 stones
 l - a throwing net
 n - 23 sling bullets
 q - 9 boomerangs
 w - 11 poisoned darts
Armour
 p - a +0 pair of boots (worn)
 D - +0 steam dragon scales (worn)
Jewellery
 A - a ring of resist corrosion (left hand)
 C - a ring of flight (right hand)
Wands
 r - a wand of acid (3)
Scrolls
 b - 7 scrolls of identify {unknown}
 f - a scroll of brand weapon {unknown}
 i - a scroll of blinking {unknown}
 j - a scroll of magic mapping {unknown}
 m - 6 scrolls of teleportation {unknown}
 s - a scroll of noise {unknown}
 x - a scroll of holy word {unknown}
 y - a scroll of vulnerability {unknown}
 z - a scroll of immolation {unknown}
Potions
 g - 3 potions of brilliance {unknown}
 h - 4 potions of curing {unknown}
 t - 4 potions of heal wounds
 u - a potion of attraction {unknown}
 v - a potion of haste {unknown}
 B - a potion of might {unknown}


   Skills:
 - Level 3.0 Fighting
 + Level 9.4 Crossbows
 - Level 3.0 Dodging
 - Level 1.3 Stealth
 - Level 7.6 Invocations


You had 7 spell levels left.
You didn't know any spells.
Your spell library was empty.

Dungeon Overview and Level Annotations

Branches:
Dungeon (6/15)             Temple (1/1) D:4

Altars:
Cheibriados
Dithmenos
Elyvilon
Fedhas
Gozag
Hepliaklqana
Kikubaaqudgha
Makhleb
Nemelex Xobeh
Okawaru
Qazlal
Ru
Sif Muna
Trog
Uskayaw
Wu Jian
Xom
The Shining One

Annotations:
D:4 Dowan, Duvessa


Innate Abilities, Weirdness & Mutations

You are small and have problems with some larger weapons.
You are completely attuned to the shadows.


Message History

The gnoll barely misses you. x2
Fire: 6 bolts
Press: ? - help, Q - select action, (/) - cycle Shift-Dir - straight line, f/p - gnoll shaman
Aim: a gnoll shaman, wielding a +0 whip and wearing a +0 robe (almost dead, 71% to hit)
You shoot a bolt.
The bolt hits the gnoll shaman but does no damage.
The gnoll shaman is almost dead.
The gnoll closely misses you. The gnoll shaman closely misses you.
Fire: 5 bolts
Press: ? - help, Q - select action, (/) - cycle Shift-Dir - straight line, f/p - gnoll shaman
Aim: a gnoll shaman, wielding a +0 whip and wearing a +0 robe (almost dead, 71% to hit)
You shoot a bolt. The bolt hits the gnoll shaman.
The gnoll shaman is almost dead.
The gnoll shaman utters an invocation to its god.
The gnoll shaman is healed somewhat.
The gnoll hits you but does no damage.
Fire: 4 bolts
Press: ? - help, Q - select action, (/) - cycle Shift-Dir - straight line, f/p - gnoll shaman
Aim: a gnoll shaman, wielding a +0 whip and wearing a +0 robe (severely wounded, 71% to hit)
You shoot a bolt.
The bolt hits the gnoll shaman but does no damage.
The gnoll shaman is severely wounded.
You are no longer glowing.
The gnoll barely misses you. The gnoll shaman misses you.
Fire: 3 bolts
Press: ? - help, Q - select action, (/) - cycle Shift-Dir - straight line, f/p - gnoll shaman
Aim: a gnoll shaman, wielding a +0 whip and wearing a +0 robe (severely wounded, 71% to hit)
You shoot a bolt. The bolt hits the gnoll shaman!
You kill the gnoll shaman!
Okawaru accepts your kill. The gnoll closely misses you. The gnoll misses you.
The gnoll misses you. The gnoll barely misses you.
The gnoll hits you from afar with a +0 halberd!
* * * LOW HITPOINT WARNING * * *
The gnoll barely misses you. The gnoll barely misses you.
The gnoll barely misses you.
There is a stone staircase leading up here.
The gnoll hits you from afar with a +0 halberd.
You die...

#... #...# #.#< #...#
#..# #...# #.## #.
#...##### #..#
#.####........ #.#.
#..............# #...
...............# ##..
#...@..........# #.#
####......####.####.#
#g#.........#.....
#g#....####.#.##..
#.#....# #.#.##..
#......# #.......
#.##.#.# ###.###.
#.##.#.######.###.
######.##.......[......


You could see 2 gnolls.

Vanquished Creatures
  Sigmund (D:5)
  A steam dragon (D:6)
  A water moccasin (D:5)
  A necrophage (D:6)
  2 ogres
  A scorpion (D:5)
  A water moccasin skeleton (D:5)
  A bullfrog zombie (D:5)
  A hound (D:5)
  2 gnoll shamans
  2 orc priests
  An iguana (D:6)
  An orc wizard (D:3)
  A hound skeleton (D:5)
  6 gnolls
  A howler monkey skeleton (D:6)
  10 adders
  2 white imps (D:5)
  4 dart slugs (D:1)
  A worm (D:3)
  9 orcs
  3 ball pythons
  5 bats
  5 endoplasms
  7 goblins
  10 hobgoblins
  7 jackals
  10 kobolds
  2 quokkas (D:4)
  3 frilled lizards
  A quokka skeleton (D:4)
  6 rats
109 creatures vanquished.

Notes
Turn   | Place    | Note
-------+----------+-------------------------------------------
     0 | D:1      | Host24 the Kobold Hunter began the quest for the Orb.
     0 | D:1      | Reached XP level 1. HP: 12/12 MP: 1/1
    17 | D:1      | Reached skill level 5 in Crossbows
   112 | D:1      | Reached XP level 2. HP: 14/18 MP: 2/2
   371 | D:1      | Found a faded altar of an unknown god.
   428 | D:1      | Reached XP level 3. HP: 22/23 MP: 3/3
  1339 | D:2      | Found a hide-covered altar of Uskayaw.
  1546 | D:2      | Reached XP level 4. HP: 28/28 MP: 4/4
  1759 | D:2      | Reached skill level 6 in Crossbows
  2358 | D:3      | Reached XP level 5. HP: 31/32 MP: 5/5
  2411 | D:3      | Found a stormy altar of Qazlal.
  2618 | D:3      | Reached skill level 7 in Crossbows
  3302 | D:4      | Noticed a black bear
  3304 | D:4      | Noticed Duvessa
  3620 | D:4      | Reached XP level 6. HP: 28/37 MP: 6/6
  3679 | D:4      | Found a staircase to the Ecumenical Temple.
  3687 | Temple   | Entered the Ecumenical Temple
  3991 | Temple   | Became a worshipper of Warmaster Okawaru
  4245 | D:3      | Reached skill level 8 in Crossbows
  4579 | D:4      | Found a shimmering altar of Xom.
  4776 | D:4      | Found a shimmering altar of Xom.
  4776 | D:4      | Found a shimmering altar of Xom.
  4779 | D:4      | Found a shimmering altar of Xom.
  4810 | D:4      | Noticed Dowan
  4830 | D:4      | Reached skill level 1 in Invocations
  4835 | D:4      | HP: 1/37 [orc (6)]
  5022 | D:5      | Entered Level 5 of the Dungeon
  5155 | D:5      | Identified the -3 kite shield of Indemnity {rN+ Will+
                  | Regen+ Slay+2}
  5243 | D:5      | Reached XP level 7. HP: 20/41 MP: 9/9
  5816 | D:5      | Noticed a water moccasin
  6068 | D:5      | Noticed Sigmund
  6236 | D:5      | Killed Sigmund
  6562 | D:5      | Killed a water moccasin
  6562 | D:5      | Reached * piety under Okawaru
  6563 | D:5      | Reached XP level 8. HP: 34/46 MP: 12/12
  6828 | D:5      | Found an ancient bone altar of Kikubaaqudgha.
  7316 | D:6      | Noticed a two-headed ogre
  7719 | D:6      | Reached skill level 9 in Crossbows
  7794 | D:6      | HP: 1/46 [gnoll (13)]
  7801 | D:6      | Slain by a gnoll

Illustrated notes

Levels and vault maps discovered:
D:1:      minmay_arrival_radiant_lines, layout_loops_ring,
          shapermc_ecumenical_altar_starsandcircs
D:2:      layout_loops_ring, basic_altar
D:3:      layout_basic, mainiacjoe_overflow_24_doors, minmay_between
D:4:      layout_basic, xom_redecorated, minmay_temple_entry_trees, uniq_duvessa
D:5:      layout_loops_corners, lemuel_crystal_altar, nrook_loot_triangle,
          grunt_decor_arrowhead, chequers_jeans, minmay_holes, uniq_sigmund
D:6:      layout_loops_cross, mainiacjoe_overflow_concentric_impassable,
          glass_columns_b, minmay_misc_feat_square
Temple:   regret_index_temple_waves

Skill      XL: |  1  2  3  4  5  6  7  8 |
---------------+-------------------------+-----
Crossbows      | 5 6 7 8 9 |  9.4
Fighting       | 3 |  3.0
Dodging        | 3 |  3.0
Invocations    | 3 6 7 |  7.6
Stealth        | |  1.3

Action                   |  1- 3 |  4- 6 |  7- 9 || total
-------------------------+-------+-------+-------++-------
Melee: Short sword       |    87 |       |       ||    87
       Punch             |     1 |     1 |     1 ||     3
       Whip              |     9 |   136 |    86 ||   231
 Fire: Hand crossbow     |       |    42 |    63 ||   105
  Use: Potion            |       |     1 |       ||     1
 Stab: Sleeping          |    11 |     9 |     4 ||    24
       Distracted        |       |     1 |       ||     1
Armor: Leather armour    |    12 |    28 |    14 ||    54
       Steam dragon scal |       |       |     7 ||     7
Dodge: Dodged            |    63 |   109 |    95 ||   267
